 Dungeon Crawl Stone Soup version 0.27.1-1-g398f81649c (webtiles) character file.

Game seed: 6957054233384454474

53 NiggaKiller the Stinger (level 3, -1/28 HPs)
             Began as a Draconian Venom Mage on Sept 13, 2021.
             Slain by a hobgoblin (4 damage)
             ... on level 2 of the Dungeon.
             The game lasted 00:10:27 (2136 turns).

NiggaKiller the Stinger (Draconian Venom Mage)      Turns: 2136, Time: 00:10:28

Health: -1/28      AC:  5    Str: 11    XL:     3   Next: 62%
Magic:  5/6        EV: 12    Int: 15    God:
Gold:   34         SH:  0    Dex: 11    Spells: 6/7 levels left

rFire    . . .     SeeInvis .   c - +0 rapier
rCold    . . .     Faith    .   (no shield)
rNeg     . . .     Spirit   .   (armour unavailable)
rPois    .         Reflect  .   (helmet restricted)
rElec    .         Harm     .   (no cloak)
rCorr    .         Rampage  .   (no gloves)
Will     .....                  (no boots)
Stlth    ++........             (no amulet)
HPRegen  0.09/turn              (no ring)
MPRegen  0.10/turn              (no ring)

@: no status effects
A: AC +5, unfitting armour, cold-blooded
a: no special abilities


You were on level 2 of the Dungeon.
You visited 1 branch of the dungeon, and saw 2 of its levels.

You collected 34 gold pieces.

Inventory:

Hand Weapons
 c - a +0 rapier (weapon)
 d - a +0 hunting sling
Missiles
 f - 16 stones
Potions
 a - a potion of curing
 e - a potion of brilliance {unknown}


   Skills:
 * Level 1.4 Fighting
 + Level 1.7 Dodging
 + Level 1.8 Stealth
 * Level 1.0 Shields
 * Level 2.5 Spellcasting
 + Level 1.1 Transmutations
 + Level 3.6 Poison Magic


You had 6 spell levels left.
You knew the following spells:

 Your Spells              Type           Power      Damage    Failure   Level
a - Sting                 Tmut/Pois      32%        1d4       9%          1

Your spell library contained the following spells:

 Spells                   Type           Power      Damage    Failure   Level
 Poisonous Vapours        Pois/Air       14%        N/A       16%         2
 Mephitic Cloud           Conj/Pois/Air  5%         N/A       36%         3
 Olgreb's Toxic Radiance  Pois           12%        N/A       43%         4


Dungeon Overview and Level Annotations

Branches:
Dungeon (2/15)

Altars:
Elyvilon

Annotations:
D:2 Jessica


Innate Abilities, Weirdness & Mutations

Your plain brown scales are hard. (AC +5)
You cannot fit into any form of body armour.
You are cold-blooded and may be slowed by cold attacks.


Message History

Jessica casts a spell.
Jessica blinks!
The bat closely misses you. Jessica barely misses you.
The bat hits you but does no damage.
Jessica casts a spell.
Jessica blinks!
The bat barely misses you. The bat barely misses you. The hobgoblin hits you.
The bat barely misses you. The hobgoblin barely misses you. The bat misses you.
Jessica barely misses you. The bat misses you. Jessica closely misses you.
The bat misses you. Jessica misses you. The bat misses you.
Jessica hits you with a +0 dagger.
There is a stone staircase leading up here.
The bat barely misses you. The bat hits you. The hobgoblin misses you.
Jessica misses you.
You climb upwards.
There is a stone staircase leading down here.
You are too injured to fight recklessly!
Aiming: Sting (safe; 9% risk of failure)
Press: ? - help, Q - select action, (/) - cycle Shift-Dir - straight line, f - Jessica
Aim: Jessica, wielding a +0 dagger and wearing a +0 robe (fast, 68% to hit)
The sting hits Jessica but does no damage.
Jessica is poisoned.
The bat misses you. x2
Jessica gestures at you while chanting. Pain shoots through your body!
* * * LOW HITPOINT WARNING * * *
The hobgoblin misses you. Jessica hits you with a +0 dagger.
* * * LOW HITPOINT WARNING * * *
The bat barely misses you. The hobgoblin barely misses you.
Jessica hits you with a +0 dagger.
* * * LOW HITPOINT WARNING * * *
You climb downwards.
There is a stone staircase leading up here.
The bat hits you but does no damage.
Jessica gestures wildly while chanting.
Jessica blinks!
The hobgoblin hits you.
You die...

........... ###..#.#####.#
......#..# ..#.#.##....# #
#...##.######.#.#.##....
...#.#.....$.....#.#.....#
#............@..(.....#.###.#
#......>............)...$...#
......>.###........#....####
.#......>........g...##.#
#......#.......@b§...#.#
#........##..........#.#
##...................#.###
...........#..####..##...# #
#.S........#..# #...####.# .#
.......# ...# #.##.# ..... #
#.####....# ....
.#.#.......### ......#.....#


You could see Jessica (fast, poisoned), a hobgoblin and a bat.

Vanquished Creatures
  An adder (D:2)
  A dart slug (D:1)
  4 ball pythons (D:1)
  A bat (D:1)
  3 endoplasms
  A giant cockroach (D:1)
  4 goblins
  10 hobgoblins (D:1)
  3 jackals (D:1)
  A quokka (D:1)
  4 frilled lizards (D:1)
  2 kobolds (D:2)
  A rat (D:1)
36 creatures vanquished.

Notes
Turn   | Place    | Note
-------+----------+-------------------------------------------
     0 | D:1      | NiggaKiller the Draconian Venom Mage began the quest for
                  | the Orb.
     0 | D:1      | Reached XP level 1. HP: 14/14 MP: 3/3
   278 | D:1      | Reached XP level 2. HP: 8/20 MP: 1/5
  1052 | D:1      | Found a faded altar of an unknown god.
  1084 | D:1      | Reached XP level 3. HP: 20/27 MP: 6/6
  1427 | D:1      | Reached skill level 1 in Shields
  1964 | D:2      | Reached skill level 1 in Fighting
  2109 | D:2      | Found a white marble altar of Elyvilon.
  2110 | D:2      | Noticed Jessica
  2136 | D:2      | Slain by a hobgoblin

Illustrated notes

Levels and vault maps discovered:
D:1:      dpeg_cavernosity, layout_basic, shapermc_ecumenical_altar_venn
D:2:      layout_rooms, basic_altar, uniq_jessica

Skill      XL: |  1  2  3 |
---------------+----------+-----
Shields        | 1 |  1.0
Fighting       | 1 |  1.4
Dodging        | |  1.7
Stealth        | |  1.8
Spellcasting   | |  2.5
Transmutations | |  1.1
Poison Magic   | |  3.6

Action                   || total
-------------------------++-------
Melee: Unarmed           ||    25
       Tailslap          ||     6
       Rapier            ||    67
       Club              ||     4
 Cast: Sting             ||    22
  Use: Scroll            ||     1
Armor: Skin              ||    33
Dodge: Dodged            ||   100
